Map: Deathaura LE

Players

TYTY (TY)

  • Race: Terran Terran
  • Spawn Location: 5:00

PartinG - Winner!

  • Race: Protoss Protoss
  • Spawn Location: 11:00

Event: IEM Katowice 2021

VOD

Have the link to the VOD?

Description

Time

  • Played on: Feb. 27, 2021, 11:50 a.m.
  • Length: 10:08

All games in this series

Show
View Real Time Build Order
Export as new Build Order

TYTY Terran 

Build Orders: 1/1/1 

Get SALT Encoding   

  12  0:00  SCV  
  13  0:12  SCV  
  14  0:16  Supply Depot  
  14  0:24  SCV  
  15  0:38  SCV  
  15  0:39  Barracks  
  16  0:43  Refinery  
  16  0:50  SCV  
  17  1:02  SCV  
  18  1:14  SCV  
  19  1:26  Marine, Orbital Command  
  19  1:27  Supply Depot  
  20  1:43  Factory  
  20  1:44  Marine  
  21  1:53  SCV  
  22  2:02  Marine  
  22  2:05  SCV  
  24  2:17  Command Center  
  24  2:19  Marine  
  25  2:25  SCV  
  25  2:28  Starport  
  26  2:31  Hellion  
  26  2:36  Supply Depot  
  28  2:39  Marine  
  28  2:42  SCV  
  30  2:52  Hellion  
  30  2:57  SCV, Marine  
  30  3:05  Medivac  
  32  3:09  Supply Depot  
  33  3:15  Refinery  
  33  3:17  Hellion, Barracks Reactor  
  34  3:22  SCV  
  35  3:29  Orbital Command  
  35  3:34  SCV  
  35  3:39  Factory Tech Lab  
  36  3:46  SCV  
  37  3:50  Starport Tech Lab  
  37  3:53  Barracks  
  37  3:54  Marine x2  
  39  3:58  SCV  
  39  4:01  Siege Tank  
  39  4:02  SCV  
  44  4:11  SCV  
  44  4:12  Marine x2  
  44  4:14  SCV  
  48  4:23  SCV  
  49  4:26  SCV  
  49  4:27  Engineering Bay  
  49  4:30  Marine x2  
  52  4:35  SCV  
  52  4:36  Raven  
  55  4:38  SCV  
  56  4:47  SCV, Marine  
  56  4:48  Marine  
  56  4:50  SCV  
  56  4:53  Missile Turret  
  56  4:59  SCV  
  50  5:05  SCV, Marine x2  
  49  5:11  SCV  
  49  5:14  Marine  
  47  5:17  SCV  
  47  5:20  Missile Turret  
  48  5:23  SCV, Marine x2  
  51  5:30  SCV  
  51  5:31  Marine  
  53  5:37  SCV, Refinery  
  53  5:39  Terran Infantry Weapons Level 1  
  53  5:41  Marine x2  
  56  5:45  SCV  
  58  5:52  Command Center  
  58  5:54  SCV  
  58  5:55  Barracks Tech Lab  
  58  5:57  SCV  
  58  6:01  Supply Depot  
  58  6:04  Siege Tank  
  62  6:10  Supply Depot  
  62  6:14  Stimpack  
  62  6:15  Starport Reactor  
  62  6:21  Supply Depot  
  62  6:22  SCV x2, Marine x3  
  65  6:35  SCV x2  
  70  6:40  Marine x2  
  70  6:44  Marine  
  73  6:47  SCV  
  73  6:48  SCV  
  73  6:52  Medivac x2  
  75  6:56  Refinery  
  75  6:58  Marine  
  75  6:59  SCV  
  75  7:00  Barracks x2, Marine  
  78  7:02  Barracks, Marine  
  78  7:07  SCV  
  79  7:08  Siege Tank  
  79  7:11  Barracks, Orbital Command  
  79  7:14  SCV  
  83  7:16  Marine  
  83  7:18  Marine  
  83  7:19  Marine  
  86  7:23  SCV  
  86  7:25  Viking  
  86  7:26  SCV  
  86  7:29  Viking  
  92  7:33  Marine  
  92  7:36  SCV, Supply Depot  
  94  7:38  SCV  
  94  7:39  Marauder  
  94  7:41  Marine  
  98  7:44  Siege Tank  
  98  7:47  Orbital Command  
  98  7:51  Barracks Tech Lab  
  101  7:55  SCV, Supply Depot x2  
  101  8:02  Barracks Reactor  
  101  8:05  Viking  
  103  8:07  Terran Infantry Armor Level 1  
  103  8:08  Barracks Tech Lab  
  103  8:11  Viking  
  105  8:13  SCV  
  105  8:14  SCV  
  105  8:15  SCV  
  105  8:19  Combat Shield  
  108  8:25  Supply Depot  
  108  8:26  Supply Depot  
  108  8:27  SCV  
  108  8:28  SCV  
  108  8:29  Supply Depot  
  108  8:30  SCV  
  108  8:33  Marine x2  
  113  8:37  Missile Turret  
  113  8:39  SCV, Missile Turret  
  113  8:41  SCV  
  112  8:43  Marine  
  112  8:44  Marine  
  98  8:51  Siege Tank, Viking  
  98  8:52  Marauder x2, Marine, Missile Turret  
  98  8:54  SCV  
  111  8:59  Bunker  
  111  9:00  Marauder, Marine  
  111  9:02  Viking  
  114  9:03  SCV  
  114  9:05  SCV  
  96  9:18  Marauder x2, Marine x3  
  96  9:19  SCV x2  
  96  9:20  Missile Turret  
  99  9:25  Viking  
  99  9:26  Marine x2, Siege Tank  
  102  9:36  Marine x2  
  96  9:40  SCV x2  
  96  9:43  Missile Turret  
  96  9:45  Marauder x2, Marine x2  
  105  9:48  Missile Turret  
  105  9:49  SCV  
Show
View Real Time Build Order
Export as new Build Order

PartinG Protoss - Winner!

Build Orders: 1 Gate Expand, Zealot Archon, Dark Templar Rush 

Get SALT Encoding   

  12  0:00  Probe  
  13  0:12  Probe  
  14  0:17  Pylon  
  14  0:24  Probe  
  15  0:35  Gateway  
  15  0:36  Probe  
  16  0:48  Probe  
  17  1:07  Nexus  
  17  1:12  Assimilator  
  17  1:15  Probe  
  18  1:25  Cybernetics Core  
  18  1:29  Zealot (Chrono Boost)  
  20  1:34  Probe  
  21  1:41  Pylon  
  21  1:46  Probe  
  22  1:49  Assimilator  
  22  1:58  Adept (Chrono Boost), Probe  
  23  2:04  Warp Gate  
  25  2:10  Probe (Chrono Boost)  
  26  2:19  Probe (Chrono Boost)  
  26  2:21  Stalker  
  30  2:22  Probe (Chrono Boost)  
  30  2:28  Probe (Chrono Boost)  
  30  2:29  Probe (Chrono Boost)  
  32  2:35  Probe  
  33  2:37  Probe  
  33  2:42  Twilight Council  
  34  2:49  Probe  
  35  2:55  Probe  
  34  3:01  Probe  
  34  3:02  Robotics Facility  
  33  3:08  Probe  
  34  3:13  Gateway, Probe  
  34  3:17  Shield Battery  
  35  3:20  Probe  
  35  3:24  Dark Shrine  
  35  3:25  Probe  
  37  3:31  Shield Battery  
  37  3:33  Probe  
  38  3:37  Probe  
  38  3:39  Gateway  
  39  3:46  Warp Prism (Chrono Boost)  
  39  3:52  Stalker  
  39  3:54  Probe  
  44  3:57  Pylon  
  44  4:00  Assimilator  
  44  4:03  Assimilator  
  44  4:05  Probe  
  44  4:06  Probe  
  46  4:13  Stalker  
  46  4:20  Probe x2 (Chrono Boost)  
  44  4:32  Probe x2 (Chrono Boost)  
  46  4:40  Probe x2 (Chrono Boost)  
  46  4:45  Dark Templar x3  
  54  5:00  Archon  
  54  5:09  Pylon x2  
  54  5:13  Probe x2  
  54  5:18  Robotics Bay  
  54  5:22  Charge (Chrono Boost)  
  54  5:26  Pylon  
  54  5:27  Probe x2  
  56  5:32  Dark Templar x2  
  60  5:36  Observer  
  60  5:37  Nexus  
  60  5:41  Pylon  
  61  5:43  Probe  
  61  5:45  Probe  
  63  5:55  Probe  
  64  5:57  Probe  
  64  5:58  Pylon  
  64  6:00  Observer (Chrono Boost)  
  66  6:07  Probe  
  66  6:09  Probe  
  66  6:11  Forge  
  68  6:14  Colossus (Chrono Boost)  
  74  6:19  Probe  
  74  6:20  Pylon  
  74  6:21  Probe  
  76  6:30  Extended Thermal Lance (Chrono Boost)  
  76  6:31  Probe  
  77  6:33  Probe  
  77  6:37  Gateway  
  77  6:39  Gateway  
  78  6:40  Gateway  
  78  6:46  Probe x2  
  80  6:48  Protoss Ground Weapons Level 1 (Chrono Boost), Shield Battery  
  80  6:49  Probe  
  80  6:54  Blink (Chrono Boost)  
  81  6:55  Pylon  
  81  6:59  Colossus  
  87  7:09  Probe x3  
  90  7:17  Gateway x2  
  90  7:23  Pylon  
  90  7:25  Sentry x2, Observer  
  90  7:27  Probe x3  
  97  7:33  Nexus  
  97  7:40  Stalker x3  
  103  7:49  Archon  
  103  7:53  Zealot x3, Observer  
  103  7:55  Probe x3  
  112  7:59  Assimilator x2  
  112  8:00  Pylon  
  112  8:02  Colossus (Chrono Boost)  
  118  8:08  Pylon  
  118  8:09  Observer  
  118  8:10  Probe x3  
  121  8:17  Pylon x2  
  121  8:23  Zealot x4  
  129  8:29  Zealot x2  
  129  8:33  Zealot x2  
  117  8:52  Zealot  
  117  8:53  Zealot x7  
  131  9:00  Probe  
  131  9:01  Probe x3  
  107  9:19  Zealot x8  
  119  9:28  Probe x3  
  119  9:31  Gateway  
  122  9:32  Gateway  
  120  9:42  Zealot x8  
  132  9:50  Probe x3  
  117  10:03  Stalker x8  

Tags
 
Add a new tag
Caveats
  • Supply blocks, unpowered buildings, or Contaminate may cause inaccurate times.
  • Supply counts are checked every 10 seconds.